 Dungeon Crawl Stone Soup version 0.30.1-3-gfc49f6343a (webtiles) character file.

Game seed: 6937933223258354110

2956 spardeous the Magician (level 9, -1/55 HPs)
             Began as a Demigod Conjurer on July 29, 2023.
             Slain by a gargoyle
             ... wielding a +2 flail of holy wrath
              (14 damage)
             ... on level 8 of the Dungeon.
             The game lasted 00:14:19 (9401 turns).

spardeous the Magician (Demigod Conjurer)           Turns: 9401, Time: 00:14:19

Health: -1/55      AC: 11    Str:  8    XL:     9   Next: 27%
Magic:  0/24       EV: 11    Int: 32    God:
Gold:   612        SH:  0    Dex: 12    Spells: 16/23 levels left

rFire   . . .        f - +3 short sword (protect)
rCold   + . .        (no shield)
rNeg    . . .        L - +0 troll leather armour
rPois   +            h - +0 helmet
rElec   .            V - +0 cloak
rCorr   .            B - +0 pair of gloves
SInv    .            (no boots)
Will    .....        (no amulet)
Stlth   ++           J - +4 ring of protection
HPRegen 1.09/turn    w - ring of poison resistance
MPRegen 0.19/turn

%: no passive effects
@: no status effects
A: high MP 1, forlorn, divine attributes, talons 1, cold resistance 1, frail 1,
evolution 1
a: no special abilities


You were on level 8 of the Dungeon.
You visited 1 branch of the dungeon, and saw 8 of its levels.
You also visited: Sewer and Ossuary.

You collected 612 gold pieces.

Inventory:

Hand Weapons
 f - a +3 short sword of protection (weapon)
 q - a +2 whip of electrocution
 M - the +2 mace of the Endless Expanse {venom, Str+2}
   (You found it on level 7 of the Dungeon)

   Str:       It affects your strength (+2).
Armour
 h - a +0 helmet (worn)
 B - a +0 pair of gloves (worn)
 G - a +0 kite shield
 L - a +0 troll leather armour (worn)
 V - a +0 cloak (worn)
Magical Staves
 K - a staff of air
Jewellery
 a - a ring of wizardry
 w - a ring of poison resistance (right hand)
 D - a ring of fire
 J - a +4 ring of protection (left hand)
Wands
 g - a wand of flame (20)
 y - a wand of iceblast (22)
 F - a wand of mindburst (16)
 O - a wand of digging (7)
Scrolls
 c - a scroll of vulnerability {unknown}
 i - 5 scrolls of teleportation
 j - 6 scrolls of identify {unknown}
 l - 2 scrolls of fear {unknown}
 n - 3 scrolls of enchant weapon {unknown}
 p - a scroll of silence {unknown}
 s - 2 scrolls of immolation {unknown}
 t - a scroll of torment {unknown}
 u - a scroll of magic mapping {unknown}
 v - 2 scrolls of poison {unknown}
 x - 2 scrolls of fog {unknown}
 E - 2 scrolls of amnesia {unknown}
 H - a scroll of acquirement {unknown}
 Q - a scroll of brand weapon {unknown}
 R - a scroll of blinking {unknown}
 S - a scroll of enchant armour {unknown}
 U - a scroll of noise {unknown}
Potions
 b - 5 potions of magic
 d - 6 potions of heal wounds {unknown}
 e - 3 potions of curing {unknown}
 k - 3 potions of cancellation {unknown}
 m - 5 potions of mutation
 o - 3 potions of resistance {unknown}
 r - a potion of berserk rage {unknown}
 z - 3 potions of haste {unknown}
 A - a potion of invisibility {unknown}
 C - a potion of ambrosia {unknown}
 I - a potion of attraction {unknown}
 N - a potion of might
 P - 2 potions of lignification {unknown}
 T - a potion of degeneration {unknown}


   Skills:
 - Level 1.7 Dodging
 - Level 1.7 Stealth
 + Level 7.8 Spellcasting
 - Level 7.2 Conjurations
 + Level 6.2 Translocations


You had 16 spell levels left.
You knew the following spells:

 Your Spells              Type           Power      Damage    Failure   Level
a - Magic Dart            Conj           100%       1d8       1%          1
b - Searing Ray           Conj           100%       2d8       1%          2
c - Iskenderun's Mystic   Conj/Tloc      53%        2d11      3%          4

Your spell library contained the following spells:

 Spells                   Type           Power      Damage    Failure   Level
 Dazzling Flash           Conj/Hex       70%        N/A       3%          3
 Hailstorm                Conj/Ice       35%        3d9       3%          3
 Stone Arrow              Conj/Erth      70%        3d11      3%          3
 Volatile Blastmotes      Fire/Tloc      64%        2d15      4%          3
 Fulminant Prism          Conj/Hex       17%        3d10      13%         4
 Animate Armour           Summ/Erth      24%        N/A       50%         4
 Ice Form                 Ice/Tmut       12%        N/A       50%         4
 Leda's Liquefaction      Hex/Erth       6%         N/A       50%         4
 Lee's Rapid Deconstruct  Erth           6%         3d6*      83%         5
 Simulacrum               Ice/Necr       6%         N/A       100%        6
 Statue Form              Tmut/Erth      8%         N/A       100%        6
 Lehudib's Crystal Spear  Conj/Erth      17%        10d5      100%        8


Dungeon Overview and Level Annotations

Branches:
Dungeon (8/15)             Temple (0/1) D:5           Sewer (visited)
Ossuary (visited)
   Lair: D:8-11

Shops:
D:1 =   D:8 !


Innate Abilities, Weirdness & Mutations

You have an increased reservoir of magic. (+10% MP)
You shall have no god before yourself.
Your divine heritage dramatically boosts your attributes as you level up.
You have sharp toenails.
Your flesh is cold resistant. (rC+)
You are frail. (-10% HP)
You have hidden genetic potential.


Message History

You erupt in a blast of force!
The mystic blast hits the gargoyle!
The gargoyle is heavily damaged.
The gargoyle is knocked back by the mystic blast.
You now have 15/24 mp.
Unknown command.
The gargoyle hurls a stone arrow at you.
The stone arrow hits you!
* * * LOW HITPOINT WARNING * * *
You take 12 damage, and have 22/62 hp.
Casting: Iskenderun's Mystic Blast (dangerous; 3% risk of failure)
Confirm with . or Enter, or press ? or * to list all spells.
You erupt in a blast of force!
The mystic blast hits the gargoyle but does no damage.
The gargoyle is heavily damaged.
You now have 11/24 mp.
Casting: Iskenderun's Mystic Blast (dangerous; 3% risk of failure)
Confirm with . or Enter, or press ? or * to list all spells.
You erupt in a blast of force!
The mystic blast hits the gargoyle!
The gargoyle is severely damaged.
The gargoyle is knocked back by the mystic blast.
You now have 8/24 mp.
Casting: Iskenderun's Mystic Blast (dangerous; 3% risk of failure)
Confirm with . or Enter, or press ? or * to list all spells.
You erupt in a blast of force!
The mystic blast hits the gargoyle but does no damage.
The gargoyle is severely damaged.
You now have 4/24 mp.
Casting: Iskenderun's Mystic Blast (dangerous; 3% risk of failure)
Confirm with . or Enter, or press ? or * to list all spells.
You erupt in a blast of force!
The mystic blast hits the gargoyle but does no damage.
The gargoyle is severely damaged.
The gargoyle hits you with a +2 flail of holy wrath!
* * * LOW HITPOINT WARNING * * *
You take 13 damage, and have 12/62 hp.
MASSIVE DAMAGE!!
You now have 0/24 mp.
It was a potion of mutation.
You feel extremely strange.
You feel resistant to cold.
Your toenails lengthen and sharpen.
You feel frail.
You feel a hidden potential growing inside you.
The gargoyle hits you with a +2 flail of holy wrath!
You die...

......## .......# ♣..#
.......####♣♣ ♣...##.
........##..♣♣♣♣♣....<..
.........##.............
........................
......................#
...................∩##
................@9...#
...............$....##
.....................#
.....###.............#
..#.. ##......##.......
.##.# #.......# ....#..
#. #..............# .
....##.......#.#.# ...#
#.......###..


You could see a gargoyle.

Vanquished Creatures
  The ghost of Fodor the Covered, a novice MiFi (D:6)
  The ghost of SirLogeyBear the Chopper, a novice HOBe of Trog (D:5)
  A troll (D:7)
  4 water moccasins
  Duvessa (D:6)
  An ice beast (D:6)
  2 sky beasts
  A black bear (D:6)
  A centaur (D:6)
  2 kobold brigands (Sewer)
  3 scorpions (D:6)
  Dowan (D:6)
  2 hounds
  A jelly (D:5)
  4 orc priests
  An iguana (D:5)
  2 orc wizards (D:6)
  A centaur simulacrum (D:5)
  2 bullfrog simulacra (D:5)
  8 mummies (Ossuary)
  Robin (D:2)
  2 gnolls (D:6)
  8 river rats (Sewer)
  12 adders
  A shadow imp (D:7)
  A white imp (D:5)
  An ufetubus (D:5)
  2 worms
  A dart slug (D:4)
  An adder simulacrum (D:5)
  18 orcs
  10 ball pythons
  4 bats
  4 endoplasms
  2 giant cockroaches
  A gnoll zombie (Ossuary)
  15 goblins
  11 hobgoblins
  21 kobolds
  4 quokkas
  5 frilled lizards
  3 hobgoblin zombies (Ossuary)
  A kobold zombie (Ossuary)
  3 orc zombies (Ossuary)
  21 rats
193 creatures vanquished.

Notes
Turn   | Place    | Note
-------+----------+-------------------------------------------
     0 | D:1      | spardeous the Demigod Conjurer began the quest for the Orb.
     0 | D:1      | Reached XP level 1. HP: 14/14 MP: 5/5
   404 | D:1      | Reached XP level 2. HP: 20/20 MP: 2/7
   800 | D:1      | Found Hekacwowo's Jewellery Shop.
  1054 | D:2      | Noticed Robin
  1106 | D:1      | Learned a level 2 spell: Searing Ray
  1111 | D:2      | Killed Robin
  1133 | D:2      | Reached XP level 3. HP: 14/26 MP: 0/8
  2246 | D:3      | Found a glowing drain.
  2255 | D:3      | Reached skill level 5 in Conjurations
  2258 | D:3      | Reached XP level 4. HP: 25/33 MP: 0/10
  2263 | Sewer    | Entered a sewer
  2469 | Sewer    | Noticed a kobold brigand
  2479 | Sewer    | Killed a kobold brigand
  2480 | Sewer    | Reached XP level 5. HP: 13/38 MP: 0/12
  3135 | Sewer    | Reached XP level 6. HP: 41/45 MP: 5/14
  3639 | D:3      | Learned a level 4 spell: Iskenderun's Mystic Blast
  5048 | D:5      | Entered Level 5 of the Dungeon
  5074 | D:5      | Noticed a water moccasin
  5334 | D:5      | Killed a water moccasin
  5417 | D:5      | Found a staircase to the Ecumenical Temple.
  5456 | D:5      | Found a runed translucent gate.
  5456 | D:5      | Found a runed translucent gate.
  5456 | D:5      | Found a runed translucent gate.
  5490 | D:5      | Reached XP level 7. HP: 49/50 MP: 12/17
  5932 | D:5      | Noticed SirLogeyBear's ghost (novice HOBe)
  5974 | D:5      | Killed SirLogeyBear's ghost
  5975 | D:5      | Reached skill level 5 in Spellcasting
  6173 | D:6      | Noticed Duvessa
  6174 | D:6      | Noticed Dowan
  6181 | D:6      | Killed Duvessa
  6182 | D:6      | Reached skill level 1 in Translocations
  6575 | D:6      | Reached XP level 8. HP: 52/57 MP: 12/20
  7012 | D:6      | Killed Dowan
  7558 | D:6      | Found a runed translucent door.
  7558 | D:6      | Noticed Fodor's ghost (novice MiFi)
  7818 | D:6      | Killed Fodor's ghost
  7819 | D:6      | Reached skill level 5 in Translocations
  7819 | D:6      | Reached XP level 9. HP: 53/62 MP: 5/24
  8169 | D:7      | Identified the +2 mace of the Endless Expanse {venom,
                  | Str+2}
  8328 | D:7      | Found a sand-covered staircase.
  8333 | Ossuary  | Entered an ossuary
  9385 | D:8      | Found Jupa's Distillery.
  9387 | D:8      | Noticed a gargoyle
  9401 | D:8      | Gained mutation: Your flesh is cold resistant. (rC+)
                  | [potion of mutation]
  9401 | D:8      | Gained mutation: You have sharp toenails. [potion of
                  | mutation]
  9401 | D:8      | Gained mutation: You are frail. (-10% HP) [potion of
                  | mutation]
  9401 | D:8      | Gained mutation: You have hidden genetic potential. [potion
                  | of mutation]
  9401 | D:8      | Slain by a gargoyle

Illustrated notes

Levels and vault maps discovered:
D:1:      wheals_arrival_shading, layout_basic, serial_shops,
          nicolae_diamond_shop
D:2:      layout_loops_corners, kennysheep_generic_room_3, uniq_robin
D:3:      layout_basic, mainiacjoe_overflow_tiny_flanked,
          basic_ecumenical_altar, gup_sewer_entry_glass, grunt_ministairs_15
D:4:      layout_basic, mainiacjoe_overflow_surrounded_room,
          hangedman_abyss_or_decor_stabs
D:5:      layout_rooms, okawaru_gym_becter, temple_hall, gammafunk_ghost_icy
D:6:      layout_basic, lemuel_tele_altar, gammafunk_ghost_grave, uniq_duvessa
D:7:      layout_gridville, enter_ossuary_2
D:8:      layout_cave_pools, mainiacjoe_overflow_brackets, lemuel_round_altar,
          lemuel_round_altar, nicolae_yredelemnul_corpse_copse,
          gammafunk_ghost_spectres, serial_shops, shop,
          dreamdust_deal_with_the_devil

Skill      XL: |  1  2  3  4  5  6  7  8  9 |
---------------+----------------------------+-----
Conjurations   | 4 5 6 7 |  7.2
Spellcasting   | 2 3 4 5 7 |  7.8
Translocations | 2 5 6 |  6.2
Dodging        | |  1.7
Stealth        | |  1.7

Action                     |  1- 3 |  4- 6 |  7- 9 || total
---------------------------+-------+-------+-------++-------
  Melee: Short sword       |       |    13 |     5 ||    18
   Cast: Magic Dart        |    67 |   135 |    87 ||   289
         Searing Ray       |     3 |    13 |    42 ||    58
         Iskenderun's Myst |       |       |    10 ||    10
    Use: Scroll            |       |       |     1 ||     1
         Potion            |       |       |     1 ||     1
 Armour: Animal skin       |     3 |    14 |    23 ||    40
         Troll leather arm |       |       |     9 ||     9
  Dodge: Dodged            |     8 |    24 |    65 ||    97
